 Dungeon Crawl Stone Soup version 0.31-a0-702-gf82c85558f (webtiles) character file.

Game seed: 5807351988780405915

49 qw the Shooter (level 3, -2/22 HPs)
             Began as a Gargoyle Hunter on Sept 8, 2023.
             Slain by a gnoll sergeant
             ... wielding a +0 spear
              (7 damage)
             ... on level 3 of the Dungeon.
             The game lasted 00:00:27 (1033 turns).

qw the Shooter (Gargoyle Hunter)                    Turns: 1033, Time: 00:00:27

Health: -2/22      AC:  8    Str: 14    XL:     3   Next: 77%
Magic:  3/3        EV: 10    Int:  9    God:
Gold:   76         SH:  0    Dex: 15    Spells: 2/2 levels left

rFire   . . .        Y - +0 shortbow
rCold   . . .        (shield currently unavailable)
rNeg    + . .        g - +0 ring mail
rPois   inf          (no helmet)
rElec   +            (no cloak)
rCorr   .            (no gloves)
SInv    .            (no boots)
Will    .....        (no amulet)
Stlth   +            (no ring)
HPRegen 0.23/turn    (no ring)
MPRegen 0.08/turn

%: no passive effects
@: no status effects
A: sickness immunity, AC +3, negative energy resistance 1, electricity
resistance, torment resistance 1, petrification resistance
a: no special abilities


You were on level 3 of the Dungeon.
You visited 1 branch of the dungeon, and saw 3 of its levels.

You collected 76 gold pieces.


Innate Abilities, Weirdness & Mutations

You are immune to sickness and miasma.
Your stone body is resilient. (AC +3)
You are immune to poison.
You resist negative energy. (rN+)
You are resistant to electric shocks. (rElec)
You are resistant to unholy torment.
You are immune to petrification.


   Skills:
 + Level 2.7 Fighting
 - Level 5.0 Ranged Weapons
 - Level 1.0 Armour
 - Level 1.5 Dodging
 - Level 1.1 Stealth


You had 2 spell levels left.
You didn't know any spells.
Your spell library was empty.

Inventory:

Hand Weapons
 Y - a +0 shortbow (weapon)
Armour
 c - a +2 hat
 g - a +0 ring mail (worn)
Jewellery
 b - an amulet of faith
Scrolls
 a - a scroll of teleportation {unknown}
 d - a scroll of blinking {unknown}
Potions
 f - a potion of might {unknown}

Dungeon Overview and Level Annotations

Branches:
Dungeon (2/15)

Altars:
Nemelex Xobeh


Message History

The gnoll is lightly wounded.
The gnoll hits you from afar with a +0 spear.
The gnoll barely misses you. The gnoll closely misses you.
You shoot an arrow. The arrow closely misses the gnoll.
The arrow hits the gnoll sergeant but does no damage.
The gnoll sergeant is moderately wounded.
The gnoll hits you but does no damage.
The gnoll sergeant hits you but does no damage.
You shoot an arrow. The arrow hits the gnoll!
The gnoll is severely wounded.
The gnoll hits you with a +0 whip.
The gnoll sergeant hits you from afar with a +0 spear.
You shoot an arrow. The arrow closely misses the gnoll.
The arrow hits the gnoll sergeant but does no damage.
The gnoll sergeant is moderately wounded.
The gnoll hits you with a +0 whip. The gnoll sergeant closely misses you.
You shoot an arrow. The arrow hits the gnoll!
You kill the gnoll!
The gnoll sergeant hits you from afar with a +0 spear.
The gnoll sergeant barely misses you.
You shoot an arrow. The arrow hits the gnoll sergeant.
The gnoll sergeant is heavily wounded.
The gnoll sergeant hits you but does no damage.
You shoot an arrow.
The arrow hits the gnoll sergeant but does no damage.
The gnoll sergeant is heavily wounded.
The gnoll sergeant hits you but does no damage.
You shoot an arrow.
The arrow hits the gnoll sergeant but does no damage.
The gnoll sergeant is heavily wounded.
The gnoll sergeant closely misses you.
The gnoll sergeant hits you but does no damage.
You shoot an arrow. The arrow hits the gnoll sergeant.
The gnoll sergeant is heavily wounded.
The gnoll sergeant barely misses you.
You shoot an arrow.
The arrow barely misses the gnoll sergeant.
The arrow closely misses the gnoll.
The gnoll sergeant hits you from afar with a +0 spear!
You die...

.
...##########....
........@)gg..)..
...########g..%..
###..


You could see a gnoll sergeant and 2 gnolls.

Vanquished Creatures
  A gnoll (D:3)
  A worm (D:1)
  3 bats
  3 endoplasms (D:1)
  2 giant cockroaches
  A goblin (D:2)
  4 hobgoblins
  6 jackals
  3 quokkas
  2 ball pythons (D:1)
  2 frilled lizards
  2 kobolds
  3 rats (D:1)
33 creatures vanquished.

Notes
Turn   | Place    | Note
-------+----------+-------------------------------------------
     0 | D:1      | qw the Gargoyle Hunter began the quest for the Orb.
     0 | D:1      | Reached XP level 1. HP: 12/12 MP: 1/1
     0 | D:1      | 0 ||| qw: Version: 0.3-a-76-g4403597
     0 | D:1      | 0 ||| qw: Game counter: 1126
     0 | D:1      | 0 ||| qw: Melee chars always use a shield: true
     0 | D:1      | 0 ||| qw: God list: Okawaru
     0 | D:1      | 0 ||| qw: Allow faded altars: false
     0 | D:1      | 0 ||| qw: Do Orc after clearing Dungeon:15 true
     0 | D:1      | 0 ||| qw: Do second Lair branch before Depths: true
     0 | D:1      | 0 ||| qw: Lair rune preference: random
     0 | D:1      | 0 ||| qw: Goals: Normal
     0 | D:1      | 0 ||| PLANNING D:1-11
   131 | D:1      | Reached XP level 2. HP: 17/17 MP: 2/2
   453 | D:1      | Reached XP level 3. HP: 21/21 MP: 3/3
   609 | D:1      | 609 ||| UPGRADING to +0 ring mail.
   619 | D:1      | 619 ||| DROPPING +0 leather armour.
   620 | D:1      | 620 ||| READING scroll labelled XANENIOB OSAA.
   621 | D:1      | 621 ||| READING scroll labelled UNUKYI SELLAO.
   622 | D:1      | 622 ||| READING scroll labelled MILIOS UFENIMP.
   623 | D:1      | 623 ||| DROPPING scroll of butterflies.
   645 | D:2      | 645 ||| STAIRDANCE
   656 | D:2      | 656 ||| STAIRDANCE
   671 | D:2      | Found a sparkling altar of Nemelex Xobeh.
   799 | D:2      | Reached skill level 1 in Armour
   832 | D:2      | Reached skill level 5 in Ranged Weapons
  1013 | D:2      | You fall into a shaft and drop 1 floor!
  1015 | D:3      | Noticed a gnoll sergeant
  1023 | D:3      | 1023 ||| Stepping ~*~*~tactically~*~*~ (retreating).
  1027 | D:3      | HP: 4/22 [gnoll/+0 whip[a gnoll sergeant] (2)]
  1033 | D:3      | Slain by a gnoll sergeant

Levels and vault maps discovered:
D:1:      dpeg_arrival_snail, layout_rooms, minmay_misc_feat_square,
          chequers_serial_rivers_large_b
D:2:      layout_basic, basic_altar
D:3:      kennysheep_the_goblin_king, layout_rooms, mainiacjoe_overflow_swirl,
          serial_shops, shop, chequers_jeans

Skill      XL: |  1  2  3 |
---------------+----------+-----
Armour         | 1 |  1.0
Ranged Weapons | 5 |  5.0
Fighting       | |  2.7
Dodging        | |  1.5
Stealth        | |  1.1

Action                     || total
---------------------------++-------
   Fire: Shortbow          ||   109
    Use: Scroll            ||     3
 Armour: Leather armour    ||    19
         Ring mail         ||    22
  Dodge: Dodged            ||    44

Table legend:
 A = Non-vault XP
 B = Vault XP
 C = Vault XP percentage of total XP
 D = Non-vault monster count
 E = Vault monster count
 F = Vault count percentage of total count
                 A         B        C        D         E       F
            +---------+---------+-------+---------+---------+-------
      Total |      71 |       0 |   0.0 |      33 |       0 |   0.0
            +---------+---------+-------+---------+---------+-------
        D:1 |      39 |       0 |   0.0 |      22 |       0 |   0.0
        D:2 |      15 |       0 |   0.0 |       8 |       0 |   0.0
        D:3 |      17 |       0 |   0.0 |       3 |       0 |   0.0
            +---------+---------+-------+---------+---------+-------
